cohdb
Replays
Latest Replays
All Replays
Popular Replays
Top Player Replays
Match Explorer
How It Works
Community
CoH3 Stats
Reddit
Sign in to upload your games and track your stats! →
Sign in with Steam
Match 21549056
Unlisted
Match 21549056
Overview
Messages
Build Orders
End
Kettenkrad Recon Vehicle
Construct Infanterie Kompanie
Grenadier Squad
GrW 34 Mortar Team
MG 42 Machine Gun Team
Grenadier Squad
Selects Breakthrough Battlegroup
Selects Assault Grenadiers
Selects Rapid Production
Construct Luftwaffe Kompanie
Jäger Squad
Support Elements
Wirbelwind Flakpanzer
Jäger Squad
Luftwaffe Officer Quarters
Selects Blitzkrieg
MG 42 Machine Gun Team
Construct Panzer Kompanie
Stoßtruppen Squad
Panzer IV Medium Tank
Side Skirts
Blitzkrieg
Medical Station
Selects Tiger Heavy Tank
Tiger Heavy Tank
Repair Bunker
Panzer IV Medium Tank
Selects Breakthrough
Selects Incendiary Bombing Run
XRayCat
Terminator T88
Apfelkraut
Jonatanga
TiburoN
Eber
0
0
Comments
sign in to comment!
No comments posted yet!